 Dungeon Crawl Stone Soup version 0.14-a0-2061-g6c6fb9c (webtiles) character file.

796 Mitsuki the Covert (level 7, -1/49 HPs)
             Began as a Vampire Assassin on Jan 22, 2014.
             Slain by an orc warrior
             ... wielding a -1,+1 orcish war axe
              (14 damage)
             ... on Level 5 of the Dungeon on Jan 23, 2014.
             The game lasted 00:22:28 (5961 turns).

Mitsuki the Covert (Vampire Assassin)               Turns: 5961, Time: 00:22:28

HP  -1/49        AC  7     Str 14      XL: 7   Next: 50%
MP   7/7         EV 12     Int 13      God:
Gold 38          SH  0     Dex 17      Spells:  0 memorised,  6 levels left

rFire  . . .     SeeInvis +     n - +0,+2 dagger (venom)
rCold  + + .     Clarity  .     o - +0 robe
rNeg   + + +     Conserve .     (no shield)
rPois  +         rCorr    .     g - +0 helmet
rElec  .         rRot     +     d - +0 cloak
SustAb . .       Spirit   .     w - +2 pair of gloves of Klaosm {Str+4}
rMut   .         Warding  .     (no boots)
Saprov . . .     Stasis   .     (no amulet)
MR     .....                    (no ring)
                                (no ring)

@: regenerating slowly, not resistant to hostile enchantments, extraordinarily
stealthy
A: bottle blood, fangs 3, see invisible, unbreathing
a: Bat Form, Bottle Blood


You were on level 5 of the Dungeon.
You were near bloodless.

You visited 1 branch of the dungeon, and saw 5 of its levels.

You collected 162 gold pieces.
You spent 124 gold pieces at shops.

Inventory:

Hand weapons
 b - a +0 blowgun
 n - a +0,+2 dagger of venom (weapon)
Missiles
 e - 44 poisoned needles
 f - 2 curare-tipped needles
Armour
 d - a +0 cloak (worn)
 g - a +0 helmet (worn)
 o - a +0 robe (worn)
 w - the +2 pair of gloves of Klaosm (worn) {Str+4}
   (You bought it in a shop on level 4 of the Dungeon)

   It affects your strength (+4).
Magical devices
 a - a wand of flame (16)
 c - a wand of cold (4)
 B - a wand of confusion (8) {unknown}
Scrolls
 q - 5 scrolls of remove curse
 v - 3 scrolls of fear
 y - a scroll of random uselessness {unknown}
 z - a scroll of curse jewellery {unknown}
 A - a scroll of enchant weapon II
 D - a scroll of identify
Jewellery
 k - an uncursed amulet of stasis
 p - an uncursed amulet of guardian spirit
 r - an uncursed ring of flight {unknown}
 s - a cursed ring of flight {unknown}
 u - an uncursed amulet of the gourmand {unknown}
 x - an uncursed ring of see invisible {unknown}
Potions
 h - 4 potions of heal wounds {unknown}
 i - 2 potions of restore abilities
 j - a potion of brilliance {unknown}
 l - 7 potions of curing {unknown}
 m - a potion of magic {unknown}
 t - a potion of might {unknown}
 C - 4 potions of blood


   Skills:
 - Level 1.7 Fighting
 - Level 2.1 Short Blades
 - Level 1.5 Throwing
 - Level 1.1 Dodging
 + Level 13.5 Stealth
 - Level 0.6 Evocations


You had 6 spell levels left.
You didn't know any spells.

Dungeon Overview and Level Annotations

Branches:
Dungeon (5/16)
 Temple: D:4-7

Altars:
Cheibriados
Fedhas

Shops:
D:4 [

Annotations:
D:3 Mitsuki's ghost, average HaAs


Innate Abilities, Weirdness & Mutations

You heal slowly.
You can bottle blood from corpses.
You have razor-sharp teeth.*
You have supernaturally acute eyesight.
You can survive without breathing.*


Message History

You kill the orc wizard!
The orc warrior hits you with an orcish war axe.
You closely miss the orc warrior.
The orc warrior is lightly wounded.
The orc warrior hits you with an orcish war axe!
The orc warrior looks more healthy.
You hit the orc warrior but do no damage.
The orc warrior is poisoned.
The orc warrior is moderately wounded.
The orc warrior hits you with an orcish war axe.
The orc warrior looks more healthy.
You hit the orc warrior but do no damage.
The orc warrior is poisoned.
The orc warrior is moderately wounded.
The orc warrior hits you with an orcish war axe!
* * * LOW HITPOINT WARNING * * *
The orc warrior looks more healthy.
You are too injured to fight recklessly!
The orc warrior hits you with an orcish war axe!
You die...

#.# #.. #.###.###
##########.##...
#..........##..#
#.###########..# #
#.# #..# # #.#
########..### #o#
#............ #@#
#.######.#### #.#
#.# #.# #
#.####.### #.# #
#.##...%.# #.####
#.##.#.#.####.....
#..........##.####
####.#.#.#.##.#
#.......##.#
###.##.###.#


You could see an orc warrior.

Vanquished Creatures
  Edmund (D:4)
  Menkaure (D:4)
  A centaur (D:5)
  2 crimson imps (D:5)
  A hound (D:5)
  An iguana (D:4)
  An orc wizard (D:5)
  3 worker ants
  An ogre zombie (D:5)
  Terence (D:2)
  7 adders
  A giant mite (D:5)
  2 worms
  A giant eyeball (D:5)
  4 giant geckos
  10 orcs
  14 bats
  A bat zombie (D:5)
  5 giant cockroaches
  7 hobgoblins
  10 jackals
  4 quokkas
  4 giant newts
  6 goblins
  11 kobolds
  An orc zombie (D:5)
  12 rats
  A rat skeleton (D:5)
114 creatures vanquished.

Vanquished Creatures (others)
  A bush (D:1)
1 creature vanquished.

Grand Total: 115 creatures vanquished

Notes
Turn   | Place    | Note
--------------------------------------------------------------
     0 | D:1      | Mitsuki, the Vampire Assassin, began the quest for the Orb.
     0 | D:1      | Reached XP level 1. HP: 16/16 MP: 1/1
     6 | D:1      | Reached skill level 6 in Stealth
   134 | D:1      | Reached XP level 2. HP: 16/22 MP: 2/2
   256 | D:1      | Reached skill level 7 in Stealth
   920 | D:2      | Reached XP level 3. HP: 27/27 MP: 3/3
  1125 | D:2      | Noticed Terence
  1128 | D:2      | Killed Terence
  1128 | D:2      | Reached skill level 8 in Stealth
  1440 | D:2      | Found a snail-covered altar of Cheibriados.
  1440 | D:2      | Found a blossoming altar of Fedhas.
  1557 | D:3      | Noticed Mitsuki's ghost (average HaAs)
  1597 | D:3      | Reached XP level 4. HP: 31/33 MP: 4/4
  3057 | D:3      | Reached skill level 9 in Stealth
  3600 | D:3      | Reached XP level 5. HP: 34/38 MP: 5/5
  3757 | D:4      | Found Okhlis' Antique Armour Shoppe.
  3780 | D:4      | Bought a pair of fine gloves for 124 gold pieces
  3783 | D:4      | Identified the +2 pair of gloves of Klaosm {Str+4} (You bought it in a shop on level 4 of the Dungeon)
  3791 | D:4      | Got a crude great mace
  3792 | D:4      | Identified the cursed -5,+8 great mace of Rotation {drain, rC+ SInv} (You found it on level 4 of the Dungeon)
  3818 | D:4      | Noticed Edmund
  3821 | D:4      | Noticed an ogre
  3923 | D:4      | Reached skill level 10 in Stealth
  4456 | D:4      | Noticed Menkaure
  4464 | D:4      | Killed Menkaure
  4464 | D:4      | Reached skill level 11 in Stealth
  4464 | D:4      | Reached XP level 6. HP: 44/44 MP: 6/6
  4757 | D:4      | Killed Edmund
  4757 | D:4      | Reached skill level 12 in Stealth
  5118 | D:5      | Entered Level 5 of the Dungeon
  5368 | D:5      | Reached XP level 7. HP: 24/49 MP: 7/7
  5589 | D:5      | Reached skill level 13 in Stealth
  5849 | D:5      | Paralysed by a giant eyeball for 2 turns
  5961 | D:5      | Slain by an orc warrior

Action                   |  1- 3 |  4- 6 |  7- 9 || total
-------------------------+-------+-------+-------++-------
Melee: Dagger            |   253 |   248 |    56 ||   557
       Unarmed           |       |    35 |       ||    35
 Abil: End Transformatio |       |     6 |       ||     6
       Bat Form          |       |     6 |       ||     6
       Bottle Blood      |       |       |     4 ||     4
Evoke: Wand              |       |     4 |       ||     4
  Use: Scroll            |     4 |     6 |       ||    10
 Stab: Sleeping          |    16 |    12 |     5 ||    33
       Distracted        |       |     1 |       ||     1
